 Dungeon Crawl Stone Soup version 0.27.1-33-g824d729ab1 (webtiles) character file.

Game seed: 8961082849839193611

101 SensoryNuts the Skirmisher (level 4, -3/49 HPs)
             Began as an Ogre Monk on Dec 6, 2021.
             Was an Initiate of Qazlal.
             Slain by an orc priest (6 damage)
             ... on level 3 of the Dungeon.
             The game lasted 00:03:52 (2976 turns).

SensoryNuts the Skirmisher (Ogre Monk)              Turns: 2976, Time: 00:03:52

Health: -3/49      AC:  6    Str: 16    XL:     4   Next: 75%
Magic:  4/4        EV: 10    Int: 11    God:    Qazlal [......]
Gold:   99         SH:  0    Dex: 11    Spells: 3/3 levels left

rFire    . . .     SeeInvis .   q - +0 morningstar
rCold    . . .     Faith    .   (no shield)
rNeg     . . .     Spirit   .   b - +0 robe
rPois    .         Reflect  .   (helmet restricted)
rElec    .         Harm     .   i - +1 cloak
rCorr    .         Rampage  .   (gloves unavailable)
Will     .....     Rnd*Rage +   (boots unavailable)
Stlth    ++........             (no amulet)
HPRegen  0.16/turn              (no ring)
MPRegen  0.09/turn              (no ring)

@: no status effects
A: large, unfitting armour, tough skin 1, iridescent scales 1, berserk 1,
deformed body
a: Renounce Religion


You were on level 3 of the Dungeon.
You worshipped Qazlal.
Qazlal was noncommittal.
You visited 1 branch of the dungeon, and saw 3 of its levels.

You collected 110 gold pieces.
You donated 11 gold pieces to Zin.

Inventory:

Hand Weapons
 a - a +0 hand axe
 c - a +0 club
 d - a +0 dagger
 g - a +0 club
 k - a +0 flail
 m - a +0 falchion
 o - a +0 short sword
 p - a +0 falchion
 q - a +0 morningstar (weapon)
Armour
 b - a +0 robe (worn)
 e - a +0 scale mail
 i - a +1 cloak (worn)
 j - a +0 robe
 n - a +0 leather armour
Scrolls
 f - 2 scrolls of identify
 h - a scroll of amnesia
 l - a scroll of magic mapping


   Skills:
 + Level 4.8 Fighting
 + Level 4.0 Axes
 + Level 3.5 Dodging
 + Level 1.7 Stealth


You had 3 spell levels left.
You didn't know any spells.
Your spell library contained the following spells:

 Spells                   Type           Power      Damage    Failure   Level
 Blink                    Tloc           N/A        N/A       47%         2
 Lesser Beckoning         Tloc           0%         N/A       71%         3
 Leda's Liquefaction      Hex/Erth       0%         N/A       98%         4
 Bolt of Magma            Conj/Fire/Erth 0%         4d4       100%        5
 Manifold Assault         Tloc           0%         N/A       100%        5
 Statue Form              Tmut/Erth      0%         N/A       100%        6


Dungeon Overview and Level Annotations

Branches:
Dungeon (3/15)

Altars:
Qazlal
Zin


Innate Abilities, Weirdness & Mutations

You are too large for most types of armour.
You have tough skin. (AC +1)
You are partially covered in iridescent scales. (AC +2)
You tend to lose your temper in combat.
Armour fits poorly on your strangely shaped body.


Message History

The orc is heavily wounded.
An orc priest comes into view. It is wielding a +0 rapier.
The orc hits you with a +0 dagger.
You completely miss the orc.
The orc is heavily wounded.
The orc closely misses you. The orc hits you but does no damage.
You barely miss the orc.
The orc is heavily wounded.
The orc hits you with a +0 dagger.
You closely miss the orc.
The orc is heavily wounded.
The orc priest hits you with a +0 rapier!
The orc hits you with a +0 dagger.
The orc priest hits you with a +0 rapier.
The orc hits you but does no damage.
You completely miss the orc.
The orc is heavily wounded.
The orc priest mumbles some strange prayers to Beogh against you.
Beogh smites you! The orc closely misses you.
You closely miss the orc.
The orc is heavily wounded.
The orc priest hits you with a +0 rapier!
* * * LOW HITPOINT WARNING * * *
The orc hits you but does no damage.
The orc priest calls upon Beogh to heal the orc.
The orc's wounds heal themselves!
You barely miss the orc. The orc hits you with a +0 dagger.
* * * LOW HITPOINT WARNING * * *
The orc priest looks braver for a moment.
The orc hits you with a +0 dagger.
* * * LOW HITPOINT WARNING * * *
You closely miss the orc.
The orc priest hits you with a +0 rapier.
* * * LOW HITPOINT WARNING * * *
The orc hits you but does no damage.
You puncture the orc!
You kill the orc!
Qazlal accepts your kill.
The orc priest hits you with a +0 rapier.
You die...

**###.####..#####.........###....
,,....................###.###....
,*#######.#######.###..........♣♣
,*** #..# *.# #####.####.'. ,,,**
##.######.# #.# ##♣. **,,***
#....##..# #.#* ♣.
**,,,***####..#.#* ****#..****♣.
***,,,<* ##†o.## *,,,..),,,,+.
****,* *#.)@†###.#*##.****♣♣ *,*
#..#[†....# *.#* *,* *#.#...#####
*,,*** *,**#..#.#.# **,,,*
*,,,#....#.# ***,*
*******,..####.#* *,*
***,,,,,,...* #..* *,**
**,,,****#..#***##.* *,,**
,,,*******,,,,,,,,.# **,,*


You could see an orc priest.

Vanquished Creatures
  3 adders
  3 worms
  4 dart slugs
  9 orcs (D:3)
  4 ball pythons
  5 endoplasms
  2 giant cockroaches
  8 goblins
  2 hobgoblins (D:2)
  3 kobolds
  A quokka (D:2)
  2 bats (D:3)
  2 frilled lizards
  4 rats
52 creatures vanquished.

Notes
Turn   | Place    | Note
-------+----------+-------------------------------------------
     0 | D:1      | SensoryNuts the Ogre Monk began the quest for the Orb.
     0 | D:1      | Reached XP level 1. HP: 24/24 MP: 1/1
    53 | D:1      | Reached XP level 2. HP: 19/32 MP: 2/2
   755 | D:1      | You fall into a shaft and drop 1 floor!
   819 | D:2      | Reached XP level 3. HP: 26/40 MP: 3/3
  1874 | D:2      | Found a faded altar of an unknown god.
  1880 | D:2      | Reached XP level 4. HP: 49/49 MP: 4/4
  1888 | D:2      | Became a worshipper of Zin the Law-Giver
  1888 | D:2      | Reached * piety under Zin
  1888 | D:2      | Reached ** piety under Zin
  1888 | D:2      | Reached *** piety under Zin
  2340 | D:3      | Found a stormy altar of Qazlal.
  2349 | D:3      | Fell from the grace of Zin
  2349 | D:3      | Became a worshipper of Qazlal Stormbringer
  2803 | D:3      | Gained mutation: Armour fits poorly on your strangely
                  | shaped body. [potion of mutation]
  2803 | D:3      | Gained mutation: You tend to lose your temper in combat.
                  | [potion of mutation]
  2803 | D:3      | Gained mutation: You are partially covered in iridescent
                  | scales. (AC +2) [potion of mutation]
  2976 | D:3      | Slain by an orc priest

Illustrated notes

Levels and vault maps discovered:
D:1:      onia_arrival_mini_spirals, layout_rooms, serial_bayou_pond_a
D:2:      layout_loops_ring, shapermc_ecumenical_altar_starsandcircs,
          minmay_pentomino_t2
D:3:      layout_rooms, mainiacjoe_overflow_six_doors_small,
          general_overflow_altar, uniq_sigmund

Skill      XL: |  1  2  3  4 |
---------------+-------------+-----
Dodging        | 3 |  3.5
Axes           | 4 |  4.0
Fighting       | |  4.8
Stealth        | |  1.7

Action                   |  1- 3 |  4- 6 || total
-------------------------+-------+-------++-------
Melee: Hand axe          |   109 |    64 ||   173
       Morningstar       |       |    13 ||    13
  Use: Scroll            |       |     4 ||     4
       Potion            |       |     3 ||     3
 Stab: Sleeping          |     2 |     2 ||     4
Armor: Robe              |    24 |    41 ||    65
Dodge: Dodged            |    33 |    55 ||    88
